 Dungeon Crawl Stone Soup version 0.31-a0-365-gcf821cafb2 (webtiles) character file.

Game seed: 6786357803915887592

8324 bmack86 the Severer (level 11, 0/101 HPs)
             Began as a Minotaur Fighter on July 27, 2023.
             Was a Priest of Trog.
             Slain by a boulder beetle (5 damage)
             ... on level 11 of the Dungeon.
             The game lasted 00:24:58 (9820 turns).

bmack86 the Severer (Minotaur Fighter)              Turns: 9820, Time: 00:24:58

Health: 0/101      AC: 20    Str: 25    XL:     11   Next: 8%
Magic:  10/10      EV:  8    Int:  5    God:    Trog [***...]
Gold:   581        SH:  5    Dex: 16    Spells: 10/10 levels left

rFire   . . .        v - +2 war axe (heavy)
rCold   + . .        c - +0 buckler
rNeg    . . .        d - +2 chain mail {rC+}
rPois   .            f - +1 hat
rElec   .            q - +2 cloak
rCorr   .            (no gloves)
SInv    .            p - +2 pair of boots
Will    +....        (no amulet) Stlth
                     w - ring of flight
HPRegen 0.36/turn    b - ring "Fotuily" {Will+ Dex+6}
MPRegen 0.12/turn

%: no passive effects
@: on berserk cooldown, flying, slowed, studying Summonings, very slow
A: horns 2, retaliatory headbutt
a: Renounce Religion, Berserk, Trog's Hand


You were on level 11 of the Dungeon.
You worshipped Trog.
Trog was most pleased with you.
You visited 2 branches of the dungeon, and saw 12 of its levels.

You collected 625 gold pieces.
You spent 44 gold pieces at shops.

Inventory:

Hand Weapons
 v - a +2 heavy war axe (weapon)
 D - a +2 war axe of pain
Missiles
 a - a throwing net
 k - 4 boomerangs
Armour
 c - a +0 buckler (worn)
 d - a +2 chain mail of cold resistance (worn)
 f - a +1 hat (worn)
 p - a +2 pair of boots (worn)
 q - a +2 cloak (worn)
 y - a +0 plate armour
 J - a +0 pair of boots of stealth
Jewellery
 b - the ring "Fotuily" (right hand) {Will+ Dex+6}
   (You found it on level 10 of the Dungeon)

   [ring of dexterity]

   Dex:       It affects your dexterity (+6).
   Will:      It increases your willpower.
 w - a ring of flight (left hand)
 z - a +6 ring of intelligence
 I - a ring of protection from fire
 K - an amulet of faith
Wands
 l - a wand of iceblast (10)
 o - a wand of flame (37) (quivered)
 F - a wand of charming (7)
Scrolls
 e - 5 scrolls of teleportation
 h - a scroll of enchant weapon
 i - 2 scrolls of vulnerability
 m - a scroll of blinking
 r - 4 scrolls of revelation
 s - 2 scrolls of brand weapon
 u - 2 scrolls of butterflies
 x - 2 scrolls of immolation
 C - a scroll of poison
 H - a scroll of fear
Potions
 g - 3 potions of attraction
 j - 2 potions of degeneration
 n - a potion of curing
 t - a potion of haste
 A - 2 potions of berserk rage
 B - a potion of magic
 E - a potion of resistance {unknown}
 G - a potion of cancellation


   Skills:
 * Level 10.7 Fighting
 - Level 16.2 Axes
 + Level 8.1 Armour
 - Level 3.6 Shields


You had 10 spell levels left.
You didn't know any spells.
Your spell library contained the following spells:

 Spells                   Type           Power      Damage    Failure   Level
 Freeze                   Ice            0%         1d3       95%         1
 Shock                    Conj/Air       0%         1d3       95%         1
 Frozen Ramparts          Ice            0%         1d1       100%        3
 Hailstorm                Conj/Ice       0%         3d3       100%        3
 Swiftness                Air            0%         N/A       100%        3
 Airstrike                Air            0%         2d(0-16)  100%        4


Dungeon Overview and Level Annotations

Branches:
Dungeon (11/15)            Temple (1/1) D:5            Lair (0/5) D:9
    Orc: D:9-12

Altars:
Ashenzari
Cheibriados
Dithmenos
Elyvilon
Fedhas
Gozag
Hepliaklqana
Kikubaaqudgha
Makhleb
Nemelex Xobeh
Okawaru
Qazlal
Ru
Sif Muna
Trog
Uskayaw
Vehumet
Wu Jian
Xom
Yredelemnul
Zin
The Shining One

Shops:
D:8 *


Innate Abilities, Weirdness & Mutations

You have a pair of horns on your head.
You reflexively headbutt those who attack you in melee.


Message History

The orc warrior is lightly wounded.
You slash the shadow! The shadow hits you.
The orc warrior completely misses you.
You closely miss the orc warrior.
The orc warrior is lightly wounded.
You slice the shadow!!
You destroy the shadow!
Trog accepts your kill.
A boulder beetle comes into view.
The orc warrior hits you but does no damage.
You carve the orc warrior like a ham!!!
You kill the orc warrior!
Trog accepts your kill.
The boulder beetle curls into a ball and begins rolling!
Things that are here:
a +0 halberd; a +0 plate armour Unknown command.
Okay, then.
A red film seems to cover your vision as you go berserk!
You feel yourself moving faster!
You feel mighty! The boulder beetle hits you!!
* * * LOW HITPOINT WARNING * * *
The boulder beetle stops rolling and uncurls.
You slice the boulder beetle!!
The boulder beetle is moderately wounded.
You slice the boulder beetle!!
The boulder beetle is severely wounded.
The boulder beetle leaps!
You feel a strong urge to attack something.
The boulder beetle curls into a ball and begins rolling!
Things that are here:
a +0 flail; a +0 hand axe; an orc corpse You feel your anger nearly subside.
You are no longer berserk.
You are exhausted.
You feel yourself slow down. The boulder beetle hits you!
* * * LOW HITPOINT WARNING * * *
The boulder beetle stops rolling and uncurls.
You completely miss the boulder beetle. You headbutt the boulder beetle.
The boulder beetle is severely wounded.
The boulder beetle bites you.
You die...

#.....+.......#....'...#
#.....#.......#....#...#
#######.##...##....#...#
.##.^..#####...##....#...#
...........#.........#...#
...........#.........#...#
...........#...##...##...#
#.).####'####'##...#
#.)@##.>.##....#...#
#...B.....#....#...#
#.........#....#...#
#.........#....#.(.#
#....#...##...##...#
####################


You could see a boulder beetle.

Vanquished Creatures
  A deep troll (D:10)
  Pikel (D:4)
  Maggie (D:9)
  A troll (D:11)
  Grinder (D:3)
  A shadow (D:11)
  A wyvern (D:9)
  2 wraiths (D:9)
  A vampire (D:10)
  Grum (D:9)
  2 steam dragons
  3 yaks (D:10)
  Menkaure (D:4)
  Edmund (D:5)
  2 vampire mosquitoes (D:8)
  An acid dragon (D:9)
  Duvessa (D:4)
  A water moccasin (D:6)
  A sky beast (D:8)
  6 orc warriors
  An ice beast (D:8)
  4 black bears
  2 wolves (D:9)
  8 centaurs
  3 phantoms
  3 kobold brigands
  A bullfrog (D:7)
  8 wights
  Dowan (D:4)
  6 killer bees (D:9)
  2 howler monkeys (D:9)
  2 hounds (D:6)
  A gnoll bouda (D:9)
  9 orc priests
  4 sleepcaps
  4 iguanas
  8 orc wizards
  10 gnolls
  12 adders
  A shadow imp (D:6)
  A white imp (D:6)
  An ufetubus (D:5)
  2 worms
  3 dart slugs
  30 orcs
  4 endoplasms
  7 giant cockroaches
  6 goblins
  14 hobgoblins
  2 quokkas
  6 ball pythons
  9 bats
  5 frilled lizards
  19 kobolds
  5 rats
234 creatures vanquished.

Vanquished Creatures (others)
  A quokka (D:5)
1 creature vanquished.

Grand Total: 235 creatures vanquished

Notes
Turn   | Place    | Note
-------+----------+-------------------------------------------
     0 | D:1      | bmack86 the Minotaur Fighter began the quest for the Orb.
     0 | D:1      | Reached XP level 1. HP: 19/19 MP: 0/0
    71 | D:1      | Reached skill level 3 in Axes
   134 | D:1      | Reached XP level 2. HP: 26/26 MP: 1/1
   291 | D:1      | Reached skill level 4 in Axes
   411 | D:1      | Reached XP level 3. HP: 31/31 MP: 2/2
   985 | D:2      | Reached skill level 5 in Axes
  1277 | D:2      | Reached XP level 4. HP: 39/39 MP: 3/3
  1691 | D:3      | Found a faded altar of an unknown god.
  1800 | D:3      | Reached skill level 6 in Axes
  1875 | D:3      | Noticed Grinder
  1884 | D:3      | Killed Grinder
  1885 | D:3      | Reached skill level 8 in Axes
  1885 | D:3      | Reached XP level 5. HP: 45/45 MP: 4/4
  1885 | D:3      | Reached XP level 6. HP: 51/51 MP: 5/5
  2058 | D:4      | You fall into a shaft and drop 3 floors!
  2141 | D:6      | Reached skill level 9 in Axes
  2141 | D:6      | Reached XP level 7. HP: 26/56 MP: 6/6
  2305 | D:6      | Reached skill level 10 in Axes
  2576 | D:5      | Entered Level 5 of the Dungeon
  2603 | D:5      | Found a staircase to the Ecumenical Temple.
  2623 | Temple   | Entered the Ecumenical Temple
  2705 | Temple   | Became a worshipper of Trog the Wrathful
  2738 | D:5      | Noticed Edmund
  2747 | D:5      | Reached skill level 11 in Axes
  2751 | D:5      | Killed Edmund
  2752 | D:5      | Reached XP level 8. HP: 8/64 MP: 7/7
  3013 | D:4      | Noticed Menkaure
  3017 | D:4      | Noticed Duvessa
  3017 | D:4      | Noticed Dowan
  3025 | D:4      | Killed Menkaure
  3032 | D:4      | Reached skill level 12 in Axes
  3032 | D:4      | Killed Dowan
  3040 | D:4      | HP: 1/64 [Duvessa/+0 short sword (11)]
  3257 | D:4      | Killed Duvessa
  3378 | D:4      | Noticed Pikel
  3390 | D:4      | Killed Pikel
  3391 | D:4      | Reached skill level 13 in Axes
  3570 | D:4      | Reached * piety under Trog
  3610 | D:4      | Found a hide-covered altar of Uskayaw.
  3633 | D:4      | Reached skill level 14 in Axes
  3633 | D:4      | Reached XP level 9. HP: 53/70 MP: 8/8
  3642 | D:4      | Found a shimmering altar of Xom.
  3988 | D:5      | Found a white marble altar of Elyvilon.
  5033 | D:7      | Reached skill level 15 in Axes
  5716 | D:7      | Found an ancient bone altar of Kikubaaqudgha.
  5719 | D:7      | Reached ** piety under Trog
  5855 | D:7      | Found an iron altar of Okawaru.
  6091 | D:8      | Reached skill level 16 in Axes
  6526 | D:8      | Reached skill level 5 in Fighting
  6597 | D:8      | Found a hazy altar of Hepliaklqana.
  6901 | D:8      | Found Bomizaon's Serpentskin Sales.
  6912 | D:8      | Bought a scroll of poison for 44 gold pieces
  7166 | D:9      | Reached XP level 10. HP: 25/81 MP: 9/9
  7413 | D:9      | Reached skill level 5 in Armour
  7421 | D:9      | Noticed Maggie
  7432 | D:9      | Killed Maggie
  7519 | D:9      | Reached *** piety under Trog
  7822 | D:9      | Found a stormy altar of Qazlal.
  7873 | D:9      | Found a glowing golden altar of the Shining One.
  8016 | D:9      | Found a staircase to the Lair.
  8065 | D:9      | Noticed Grum
  8074 | D:9      | Killed Grum
  8595 | D:10     | Entered Level 10 of the Dungeon
  8607 | D:10     | Found a snail-covered altar of Cheibriados.
  8638 | D:10     | Identified the ring "Fotuily" {Will+ Dex+6}
  9212 | D:10     | Found a basalt altar of Yredelemnul.
  9432 | D:10     | Noticed a deep troll
  9437 | D:10     | Killed a deep troll
  9438 | D:10     | Reached skill level 10 in Fighting
  9752 | D:11     | Reached XP level 11. HP: 97/101 MP: 10/10
  9810 | D:11     | Noticed a boulder beetle
  9819 | D:11     | HP: 5/101 [boulder beetle (11)]
  9820 | D:11     | Slain by a boulder beetle

Illustrated notes

Levels and vault maps discovered:
D:1:      minmay_arrival_radiant_lines, layout_loops_corners
D:2:      layout_loops_ring
D:3:      layout_rooms, ebering_ecumenical_altar_abandoned,
          dreamdust_princess_bridge, uniq_grinder
D:4:      layout_cave_pools, mainiacjoe_overflow_big_doors, uniq_pikel,
          uniq_menkaure, uniq_duvessa
D:5:      layout_loops_ring, elyvilon_altar_4, minmay_temple_entry_proselytizer,
          uniq_edmund
D:6:      layout_cave_pools, minmay_misc_feat_chi, dreamdust_wishing_well
D:7:      layout_loops_ring, kennysheep_little_box,
          nicolae_kikubaaqudgha_miasma_corner
D:8:      layout_basic, general_overflow_altar, amethyst_killhole,
          guppyfry_shop_venom
D:9:      layout_basic, mainiacjoe_overflow_two_lobes, lair_entry_dummy,
          serial_rivers, chequers_serial_rivers_micro_c,
          chequers_serial_rivers_room_b, chequers_serial_rivers_large_b,
          chequers_serial_rivers_small_a, chequers_serial_rivers_micro_b,
          chequers_serial_rivers_micro_b, uniq_grum, uniq_maggie
D:10:     dreamdust_cave_troll, layout_basic,
          mainiacjoe_overflow_concentric_impassable,
          mainiacjoe_overflow_brackets
D:11:     layout_gridville, nicolae_shop_self_help
Temple:   nicolae_temple_hex_pool

Skill      XL: |  1  2  3  4  5  6  7  8  9 10 11 |
---------------+----------------------------------+-----
Axes           | 3 4 5 8 9 11 14 16 | 16.2
Fighting       | 5 10 | 10.7
Armour         | 4 7 8 |  8.1
Shields        | |  3.6

Action                     |  1- 3 |  4- 6 |  7- 9 | 10-12 || total
---------------------------+-------+-------+-------+-------++-------
  Melee: War axe           |    81 |    78 |   230 |   132 ||   521
         Headbutt          |    13 |     8 |    36 |    24 ||    81
 Invoke: Berserk           |       |       |       |     3 ||     3
  Evoke: Wand              |       |     8 |       |     2 ||    10
    Use: Scroll            |       |       |    19 |     4 ||    23
         Potion            |       |       |     3 |       ||     3
 Armour: Scale mail        |    37 |    35 |    36 |       ||   108
         Chain mail        |       |       |   103 |   107 ||   210
  Dodge: Dodged            |    52 |    42 |    92 |    59 ||   245
  Block: Buckler           |    23 |    21 |    57 |    49 ||   150

Table legend: (Time is in decaauts)
 A = Elapsed time spent in this place.
 B = Non-inter-level travel time spent in this place.
 C = Inter-level travel time spent in this place.
 D = Time resting spent in this place.
 E = Time spent auto-exploring this place.
 F = Levels seen in this place.
 G = Mean time per level.
                   A        B        C        D        E       F      G
               +--------+--------+--------+--------+--------+-----+--------+
         Total |   9898 |   9629 |    269 |   1024 |   6052 |  12 |  824.8 |
       Dungeon |   9812 |   9543 |    269 |   1024 |   6052 |  11 |  892.0 |
        Temple |     85 |     85 |      0 |      0 |      0 |   1 |   85.0 |
               +--------+--------+--------+--------+--------+-----+--------+

Top non-repeatable levels by time:
     D:9: 1488 daAuts
     D:7: 1112 daAuts
     D:5: 1105 daAuts
     D:8: 1061 daAuts
     D:6: 982 daAuts
    D:10: 979 daAuts
     D:1: 931 daAuts
     D:4: 744 daAuts
     D:2: 613 daAuts
     D:3: 548 daAuts
    D:11: 246 daAuts
  Temple: 85 daAuts
